 Dungeon Crawl Stone Soup version 0.31-a0-986-g5e6e4ef867 (webtiles) character file.

Game seed: 2591798893509565996

17 avis the Changeling (level 2, 13/13 HPs)
             Began as a Felid Shapeshifter on Nov 9, 2023.
             Got out of the dungeon alive.
             The game lasted 00:03:56 (999 turns).

avis the Changeling (Felid Shapeshifter)             Turns: 999, Time: 00:03:57

Health: 13/13      AC:  1    Str: 10    XL:     2   Next: 44%
Magic:  3/3        EV: 17    Int: 11    God:
Gold:   72         SH:  0    Dex: 15    Spells: 1/1 levels left
                                        Lives:  0   Deaths: 1

rFire   . .          .
                       - Unarmed
rCold   . . .        (shield unavailable)
rNeg    . . .        (body armour unavailable)
rPois   .            (helmet unavailable)
rElec   .            (cloak unavailable)
rCorr   .            (gloves unavailable)
SInv    +            (boots unavailable)
Will    .....        (no amulet)
Stlth   +            (no ring)
HPRegen 0.22/turn    (no ring)
MPRegen 0.08/turn

%: no passive effects
@: beast-form, quick
A: beast (slay +2), very small, claws 1, fangs 3, see invisible, speed 1, shaggy
fur 1, stealthy paws, no weapons or thrown items, no armour, multi-lived
a: Begin Untransformation


You escaped.
You were a hulking beast.
You visited 1 branch of the dungeon, and saw 2 of its levels.

You collected 72 gold pieces.

Inventory:

Talismans
 b - a beast talisman
 c - a flux talisman
Scrolls
 e - a scroll of fear {unknown}
 g - a scroll of amnesia {unknown}
 h - a scroll of teleportation {unknown}
 j - a scroll of blinking {unknown}
Potions
 a - a potion of lignification
 d - 2 potions of curing {unknown}
 f - a potion of heal wounds {unknown}
 i - a potion of invisibility {unknown}
 k - a potion of haste {unknown}


   Skills:
 - Level 2.0 Fighting
 * Level 3.1 Dodging
 - Level 3.0 Unarmed Combat
 - Level 3.5 Shapeshifting


You had one spell level left.
You didn't know any spells.
Your spell library contained the following spells:

 Spells                   Type           Power      Damage    Failure   Level
 Freeze                   Ice            0%         1d3       34%         1
 Frozen Ramparts          Ice            0%         1d1       71%         3
 Hailstorm                Conj/Ice       0%         3d3       71%         3


Dungeon Overview and Level Annotations

Branches:
Dungeon (2/15)

Altars:

Annotations:
D:2 Sigmund


Innate Abilities, Weirdness & Mutations

You are a hulking beast.
Your limbs bulge with bestial killing power. (Slay +2)
You have sharp claws.
You have razor-sharp teeth.
You have supernaturally acute eyesight. (SInv)
You cover ground quickly. (Speed+)
You are covered in fur. (AC +1)
Your paws help you pounce on unaware monsters.
You are incapable of wielding weapons or throwing items.
You cannot wear armour.
You gain extra lives every three experience levels.


Message History

You open the door.
There is an open door here.
You open the door.
There is an open door here.
There is a stone staircase leading down here.
You start resting.
HP restored.
You climb downwards.
Level annotation: Sigmund The adder hisses angrily.
Found a scroll labelled USOERETZ BOICE.
There is a stone staircase leading up here.
The adder closely misses you.
You climb upwards.
There is a stone staircase leading down here.
You scratch the adder but do no damage. The adder bites you.
You are poisoned.
The adder poisons you! The adder closely misses you.
You closely miss the adder.
You feel sick. The adder bites you.
You are lethally poisoned!
The adder poisons you!
You completely miss the adder.
You feel very sick. The adder completely misses you.
You closely miss the adder.
You feel sick. The adder bites you.
You die...
Your shape twists and changes as you die.
You are more poisoned.
The adder poisons you!
You rejoin the land of the living...
Unknown command.
What level of the Dungeon? (default 1, ? - help) You're already here!
You see here a +0 hand axe.
There is an open door here.
You see here a +0 dagger.
You open the door.
There is an open door here.
There is a staircase leading out of the dungeon here.
You have escaped!

.######...##### ..............# #
.###.##...###.######### # .#
#.###.## #.........# ########
.###.# #.# ####'####[# #.......
..##.# #.# #...)...#.# #.######
..##.###'## #.8.8.8.#.## #.##....
..##.##...###.......#..# #.##.###
..##.#......'.8.h.8.'..# #.##.###
........>...#.......##.# #.##.##.
#.##........#.8.8.8.##.###.......
...+........#.......#............
#.##........####'#####>######.#..
....#.......# #........# #.##.
#.#.##.....## #.######.# #.###
..#.###...## #.# ##.#### #....
###.# ##+## #.#####.....# #.###


There were no monsters in sight!

Vanquished Creatures
  4 endoplasms (D:1)
  2 goblins (D:1)
  2 hobgoblins (D:1)
  2 jackals (D:1)
  A ball python (D:1)
  A bat (D:1)
  A frilled lizard (D:1)
  A kobold (D:1)
  A rat (D:1)
15 creatures vanquished.

Notes
Turn   | Place    | Note
-------+----------+-------------------------------------------
     0 | D:1      | avis the Felid Shapeshifter began the quest for the Orb.
     0 | D:1      | Reached XP level 1. HP: 9/9 MP: 2/2
   439 | D:1      | Reached XP level 2. HP: 9/12 MP: 3/3
   899 | D:2      | Noticed Sigmund
   941 | D:1      | Slain by an adder
   999 | D:$      | Got out of the dungeon alive.

Illustrated notes

Levels and vault maps discovered:
D:1:      doesnt_arrival_eight_statues, layout_loops_corners,
          nrook_mini_backslash
D:2:      layout_basic, basic_altar, uniq_sigmund

Skill      XL: |  1  2 |
---------------+-------+-----
Dodging        | 3 |  3.1
Fighting       | 2 |  2.0
Unarmed Combat | |  3.0
Shapeshifting  | |  3.5

Action                     || total
---------------------------++-------
  Melee: Unarmed           ||    41
         Punch             ||     1
         Bite              ||     1
   Stab: Sleeping          ||     1
 Armour: Skin              ||    14
  Dodge: Dodged            ||    23

Table legend: (Time is in decaauts)
 A = Elapsed time spent in this place.
 B = Non-inter-level travel time spent in this place.
 C = Inter-level travel time spent in this place.
 D = Time resting spent in this place.
 E = Time spent auto-exploring this place.
 F = Levels seen in this place.
 G = Mean time per level.
                   A        B        C        D        E       F      G
               +--------+--------+--------+--------+--------+-----+--------+
         Total |    831 |    768 |     63 |     81 |    496 |   2 |  415.5 |
       Dungeon |    831 |    768 |     63 |     81 |    496 |   2 |  415.5 |
               +--------+--------+--------+--------+--------+-----+--------+

Top non-repeatable levels by time:
     D:1: 825 daAuts
     D:2: 6 daAuts
